AoeStats
← Coopz881006

Black Forest

509339186Analyzed
2v2 RM · 4d ago on Sep 26, 2026· 52m 30s· 4 players
Game mode
Random Map
Map size
Medium (4 player)
Population
200
Speed
Normal
Resources
Standard
Victory
Conquest
Starting age
Dark Age
Ending age
Imperial Age
RankedLock teamsTeams togetherTeam positionsShared explorationLock speedFull tech treeHidden civsTurbo modeCheats
Victory
Defeat
🇪🇸 Cumans · Spain
752
+13
🇬🇧 Japanese · United Kingdom
611
+19
🇷🇺 Burgundians · Russia
680
-16
🇬🇧 Danes · United Kingdom
678
-16
olample1911
0:50 Loom
13:38 Feudal Age
15:36 Horse Collar
15:55 Double-Bit Axe
16:04 Gold Mining
16:05 Stone Mining
19:01 Wheelbarrow
18:14 Town Watch
25:13 Castle Age
26:46 Bow Saw
27:20 Heavy Plow
30:57 Stone Shaft Mining
35:53 Imperial Age
36:03 Hand Cart
36:06 Hand Cart
36:20 Hand Cart
36:46 Onager
38:47 Chemistry
39:06 Gold Shaft Mining
38:30 Heavy Scorpion
38:49 Elite Jomsviking
40:52 Siege Onager
45:18 Fletching
45:28 Padded Archer Armor
45:29 Scale Mail Armor
45:35 Northmen's Fury
46:23 Gambesons
51:52 Pikeman
tovmirs
0:28 Loom
11:44 Feudal Age
11:49 Horse Collar
12:33 Double-Bit Axe
14:27 Bow Saw
20:46 Castle Age
21:03 Heavy Plow
20:56 Gold Mining
21:11 Stone Mining
22:07 Coinage
23:56 Wheelbarrow
27:10 Two-Man Saw
28:59 Town Watch
30:21 Crop Rotation
30:53 Fortified Wall
30:24 Treadmill Crane
31:05 Ballistics
30:56 Masonry
31:34 Fervor
31:43 Hand Cart
31:41 Caravan
32:53 Town Patrol
35:23 Guilds
36:53 Gold Shaft Mining
36:55 Stone Shaft Mining
40:30 Imperial Age
41:51 Onager
41:56 Elite Coustillier
42:42 Burgundian Vineyards
43:13 Hoardings
42:09 Sappers
43:00 Conscription
45:11 Chemistry
44:49 Banking
44:10 Pikeman
44:51 Squires
44:36 Arson
45:09 Halberdier
49:31 Cavalier
50:11 Husbandry
51:19 Elite Skirmisher
51:27 Paladin
52:16 Scale Barding Armor
52:12 Scale Mail Armor
52:22 Forging
52:03 Fletching
52:13 Padded Archer Armor
52:36 Bombard Tower
52:01 Arrowslits
52:47 Architecture
52:12 Murder Holes
52:08 Guard Tower
Coopz881006
0:33 Loom
13:47 Feudal Age
15:08 Wheelbarrow
14:23 Double-Bit Axe
15:12 Gold Mining
15:27 Stone Mining
16:03 Horse Collar
18:32 Town Watch
23:08 Castle Age
24:49 Hand Cart
24:49 Bow Saw
24:52 Heavy Plow
25:46 Gold Shaft Mining
26:22 Caravan
28:47 Coinage
30:29 Town Patrol
36:37 Imperial Age
34:58 Ballistics
38:00 Treadmill Crane
38:32 Masonry
38:50 Conscription
38:55 Forging
38:46 Scale Mail Armor
38:49 Squires
38:36 Arson
38:16 Heavy Scorpion
39:28 Kataparuto
40:29 Chemistry
41:23 Iron Casting
41:12 Chain Mail Armor
42:29 Banking
42:33 Siege Engineers
42:40 Fortified Wall
43:41 Blast Furnace
43:34 Elite Samurai
46:06 Plate Mail Armor
Cnry
6:20 Loom
12:03 Feudal Age
13:23 Wheelbarrow
12:36 Double-Bit Axe
12:33 Horse Collar
22:45 Castle Age
21:50 Stone Mining
21:51 Gold Mining
22:11 Scale Barding Armor
22:17 Forging
23:42 Hand Cart
24:54 Gold Shaft Mining
24:40 Heavy Plow
25:51 Bow Saw
29:47 Imperial Age
28:20 Murder Holes
29:03 Ballistics
29:23 Iron Casting
29:08 Chain Barding Armor
29:37 Town Watch
30:49 Conscription
31:32 Blast Furnace
31:45 Plate Barding Armor
30:53 Elite Steppe Lancer
31:44 Bloodlines
32:23 Town Patrol
34:23 Steppe Husbandry
36:21 Caravan
Connection lost

Rejoining the realm…

Still unreachable

The connection could not be restored.

Session expired

The server has moved on; the page needs a fresh start.